 Dungeon Crawl Stone Soup version 0.29-a0-998-g1987434951 (webtiles) character file.

Game seed: 241902946876815814

86434 serber55 the Frost Mage (level 15, 0/118 HPs)
             Began as a Demonspawn Ice Elementalist on Aug 5, 2022.
             Was a High Priest of Vehumet.
             Slain by a skeletal warrior
             ... wielding a +0 scimitar
              (20 damage)
             ... on level 14 of the Dungeon.
             The game lasted 02:20:02 (28678 turns).

serber55 the Frost Mage (DsIE)                     Turns: 28678, Time: 02:20:02

Health: 0/118      AC: 13    Str: 17    XL:     15   Next: 40%
Magic:  5/30       EV: 22    Int: 28    God:    Vehumet [*****.]
Gold:   2032       SH: 11    Dex: 19    Spells: 8/36 levels left

rFire   + + +      SeeInvis .   H - +7 war axe of Wytrex {vorpal, Str+3}
rCold   . . .      Faith    .   w - +0 buckler
rNeg    . . .      Spirit   .   C - +2 robe {Archmagi}
rPois   .          Reflect  +   q - +2 helmet {Int+3}
rElec   +          Harm     .   (cloak unavailable)
rCorr   .          Rampage  .   v - +2 pair of gloves
Will    +....      Archmagi +   U - +2 pair of boots "Xoprauda" {rF+ Dex+3}
Stlth   +++.......              A - amulet "Teuw" {Reflect rF+ Int+2 SH+5}
HPRegen 0.29/turn               V - ring "Hyululo" {rElec rF+ Stlth+}
MPRegen 0.22/turn               u - ring of Ipuloabb {Wiz +Blink Str+4 Dex+3}

@: repel missiles
A: repulsion field 3, ignite blood 2, powered by death 1, augmentation 1,
weakness stinger 3, mutation resistance 1
a: Renounce Religion, Evoke Blink


You were on level 14 of the Dungeon.
You worshipped Vehumet.
Vehumet was extremely pleased with you.
You visited 4 branches of the dungeon, and saw 23 of its levels.
You also visited: Sewer and Ice Cave.

You collected 4350 gold pieces.
You spent 2318 gold pieces at shops.

Inventory:

Hand Weapons
 i - the +7 staff of the Meek {protect, meekguard}
   (You found it on level 3 of the Dungeon)

   It grants its wielder temporary protection when it strikes (+7 to AC).
   It provides extra protection to wielders with little health.
 z - the +3 spear of Zealous True Grit {vorpal, Str+2 SInv}
   (You found it on level 5 of the Dungeon)

   It inflicts extra damage upon your enemies.
   Str:       It affects your strength (+2).
   SInv:      It lets you see invisible.
 H - the +7 war axe of Wytrex (weapon) {vorpal, Str+3}
   (You found it on level 14 of the Dungeon)

   It inflicts extra damage upon your enemies.
   Str:       It affects your strength (+3).
Missiles
 a - 22 poisoned darts (quivered)
Armour
 q - a +2 helmet of intelligence (worn)
 v - a +2 pair of gloves (worn)
 w - a +0 buckler (worn)
 x - a +2 robe of resistance
 C - a +2 robe of the Archmagi (worn)
 U - the +2 pair of boots "Xoprauda" (worn) {rF+ Dex+3}
   (You acquired it on level 1 of the Lair of Beasts)

   Dex:       It affects your dexterity (+3).
   rF:        It protects you from fire.
Jewellery
 d - a ring of flight
 p - an amulet of magic regeneration
 u - the ring of Ipuloabb (right hand) {Wiz +Blink Str+4 Dex+3}
   (You found it on level 4 of the Dungeon)

   [ring of wizardry]

   It improves your spell success rate.
   Str:       It affects your strength (+4).
   Dex:       It affects your dexterity (+3).
   +Blink:    It lets you blink.
 A - the amulet "Teuw" (around neck) {Reflect rF+ Int+2 SH+5}
   (You acquired it on level 12 of the Dungeon)

   [amulet of reflection]

   It reflects blocked missile attacks.
   Int:       It affects your intelligence (+2).
   rF:        It protects you from fire.
   SH:        It affects your SH (+5).
 G - a ring of see invisible
 V - the ring "Hyululo" (left hand) {rElec rF+ Stlth+}
   (You acquired it on level 1 of the Lair of Beasts)

   [ring of protection from fire]

   rF:        It protects you from fire.
   rElec:     It insulates you from electricity.
   Stlth:     It makes you more stealthy.
Wands
 t - a wand of roots (8)
 D - a wand of charming (3)
 T - a wand of quicksilver (11)
 W - a wand of mindburst (2)
Scrolls
 f - a scroll of summoning
 l - 2 scrolls of blinking
 r - 4 scrolls of identify
 s - a scroll of enchant armour
 y - a scroll of torment
 B - a scroll of magic mapping
 L - 3 scrolls of fog
 M - 4 scrolls of fear
 N - 7 scrolls of teleportation
 Q - 2 scrolls of silence
Potions
 b - 4 potions of magic
 g - 3 potions of might
 h - 5 potions of haste
 j - 3 potions of flight
 k - 3 potions of cancellation
 m - 6 potions of curing
 n - 11 potions of heal wounds
 o - a potion of berserk rage
 E - 5 potions of lignification
 F - 5 potions of attraction
 O - 4 potions of brilliance
 S - 2 potions of invisibility
Miscellaneous
 c - a phial of floods


   Skills:
 + Level 11.1 Fighting
 + Level 10.5 Dodging
 - Level 1.7 Stealth
 - Level 5.3 Shields
 + Level 11.2 Spellcasting
 - Level 9.1 Conjurations
 + Level 14.7 Ice Magic
 + Level 6.4 Air Magic


You had 8 spell levels left.
You knew the following spells:

 Your Spells              Type           Power      Damage    Failure   Level
a - Freeze                Ice            100%       1d11      0%          1
b - Frozen Ramparts       Ice            100%       1d18      1%          3
c - Ozocubu's Armour      Ice            99%        N/A       1%          3
d - Hailstorm             Conj/Ice       89%        3d18      1%          4
e - Swiftness             Air            67%        N/A       1%          3
f - Passwall              Tmut/Erth      19%        N/A       2%          2
g - Freezing Cloud        Conj/Ice/Air   41%        6-21      1%          5
h - Lightning Bolt        Conj/Air       36%        1d54      1%          5
i - Blink                 Tloc           46%        N/A       2%          2

Your spell library contained the following spells:

 Spells                   Type           Power      Damage    Failure   Level
 Conjure Ball Lightning   Conj/Air       36%        3x3d12    3%          6
 Apportation              Tloc           46%        N/A       1%          1
 Necrotise                Necr           92%        1d8       1%          1
 Ensorcelled Hibernation  Hex/Ice        100%       N/A       1%          2
 Static Discharge         Conj/Air       73%        3-13/arc  1%          2
 Ozocubu's Refrigeration  Ice            49%        4d18      1%          7
 Metabolic Englaciation   Hex/Ice        35%        N/A       2%          5
 Olgreb's Toxic Radiance  Pois           23%        N/A       5%          4
 Call Canine Familiar     Summ           23%        N/A       6%          3
 Confusing Touch          Hex            23%        N/A       6%          3
 Gell's Gravitas          Tloc           23%        N/A       6%          3
 Lesser Beckoning         Tloc           23%        N/A       6%          3
 Portal Projectile        Hex/Tloc       46%        N/A       6%          3
 Teleport Other           Tloc           23%        N/A       6%          3
 Vampiric Draining        Necr           23%        2d7       6%          3
 Yara's Violent Unravell  Hex/Tmut       11%        3d6       13%         5
 Simulacrum               Ice/Necr       35%        N/A       13%         6
 Leda's Liquefaction      Hex/Erth       11%        N/A       17%         4
 Agony                    Necr           23%        N/A       43%         5
 Alistair's Intoxication  Tmut/Pois      15%        N/A       43%         5
 Manifold Assault         Tloc           23%        N/A       43%         5
 Maxwell's Capacitive Co  Air            33%        ∞         83%         8
 Dispersal                Tloc           11%        N/A       93%         6
 Enfeeble                 Hex            11%        N/A       100%        7
 Disjunction              Tloc           11%        N/A       100%        8
 Ignition                 Fire           11%        3d5       100%        8
 Polar Vortex             Ice            49%        N/A       65%         9


Dungeon Overview and Level Annotations

Branches:
Dungeon (15/15)            Temple (1/1) D:5            Lair (5/5) D:10
  Swamp (0/4) Lair:3        Snake (0/4) Lair:3        Slime (0/5) Lair:4
    Orc (2/2) D:12            Elf (0/3) Orc:2        Vaults (0/5) D:13
  Sewer (visited)           IceCv (visited)
 Depths: D:15

Altars:
Ashenzari
Cheibriados
Dithmenos
Fedhas
Gozag
Hepliaklqana
Kikubaaqudgha
Okawaru
Qazlal
Ru
Sif Muna
Trog
Uskayaw
Vehumet
Wu Jian
Xom
Yredelemnul

Shops:
D:9 (   D:10 *   Orc:1 (   Orc:2 (*[(


Innate Abilities, Weirdness & Mutations

You are surrounded by a strong repulsion field. (EV +4, RMsl)
Your demonic aura often causes spilled blood to erupt in flames.
You regenerate a little health from kills.
Your magical and physical power is slightly enhanced at high health.
You have a sharp stinger which inflicts weakening toxins.
You are somewhat resistant to further mutation.


Message History

Casting: Lightning Bolt (mildly dangerous; 1% risk of failure)
Confirm with . or Enter, or press ? or * to list all spells.
You feel a surge of power! A film of ice covers your body!
You block the skeletal warrior's attack.
You hit the skeletal warrior.
You tail-slap the skeletal warrior, but do no damage.
The skeletal warrior is moderately damaged.
The skeletal warrior completely misses you.
You hit the skeletal warrior but do no damage.
The skeletal warrior is moderately damaged.
You block the skeletal warrior's attack. x2
You hit the skeletal warrior but do no damage.
The skeletal warrior is moderately damaged.
You block the skeletal warrior's attack.
You barely miss the skeletal warrior.
The skeletal warrior is moderately damaged.
You block the skeletal warrior's attack. x2
You hit the skeletal warrior.
The skeletal warrior is moderately damaged.
The skeletal warrior hits you but does no damage.
Casting: Ozocubu's Armour (safe; 1% risk of failure)
Confirm with . or Enter, or press ? or * to list all spells.
You don't have enough magic to cast this spell.
You slash the skeletal warrior!
Your tail-slap misses the skeletal warrior.
The skeletal warrior is heavily damaged.
The skeletal warrior hits you with a +0 scimitar.
The skeletal warrior hits you but does no damage.
Casting: Ozocubu's Armour (safe; 1% risk of failure)
Confirm with . or Enter, or press ? or * to list all spells.
You don't have enough magic to cast this spell.
You hit the skeletal warrior.
The skeletal warrior is heavily damaged.
The skeletal warrior hits you with a +0 scimitar! x2
* * * LOW HITPOINT WARNING * * *
Unknown command.
Your icy armour will break if you move.
Continue?
Your icy armour cracks and falls away as you move.
The skeletal warrior hits you with a +0 scimitar!!
You die...

#.........#....##...#.....#
#.......[.##...##...#.....#
#.....######...##...#'#####
#.....'...#............#
#.....#...'............#
#.....#...#.○..........#
#.....#...#..○).)).....#
#.....#'####.°z###...### #
#.......####.@.###...#########
#.......#.......##...##......#
#....##.#.......##...##......#
#....##.#.......##...##......#
#.......#####'#########......#
#..........(.....######......#
#((..............'...........#
#.######.........#...........'
#.........######.#...........#


You could see a skeletal warrior.

Vanquished Creatures
  Jorgrun (Orc:2)
  Rupert (Lair:5)
  2 orc warlords
  An ettin (Orc:1)
  5 hydras
  A boulder beetle (D:15)
  A vault guard (D:13)
  2 ogre magi
  2 centaur warriors
  7 two-headed ogres
  6 death yaks (Lair:4)
  A dancing weapon (D:11)
  2 tengu warriors
  An orc high priest (Orc:2)
  Sonja (Lair:3)
  The ghost of ragingrage the Cleaver, a novice GrAr of Okawaru (D:11)
  6 skeletal warriors
  5 orc knights
  A deep elf pyromancer (D:15)
  An ugly thing zombie (D:14)
  3 orc sorcerers
  3 manticores
  13 ugly things
  7 cyclopes
  5 black mambas
  10 elephants
  3 ice statues (IceCv)
  An eye of devastation (Lair:4)
  8 cane toads
  5 komodo dragons
  A kobold demonologist (D:12)
  3 efreet (D:14)
  2 rime drakes
  An anaconda simulacrum (IceCv)
  2 tengu conjurers
  A hydra zombie (D:14)
  2 hornets (Lair:5)
  7 polar bears
  6 meliai
  10 trolls
  2 slime creatures (D:13)
  3 dream sheep (Lair:5)
  8 blink frogs
  A centaur simulacrum (D:15)
  Sigmund (D:6)
  A shadow (D:13)
  4 wraiths
  31 yaks
  13 spriggans
  7 wyverns
  A vampire (D:11)
  A dire elephant simulacrum (IceCv)
  A hog (shapeshifter) (D:13)
  4 basilisks
  13 vampire mosquitoes
  2 death yak simulacra (IceCv)
  A steam dragon (D:8)
  A two-headed ogre zombie (D:13)
  7 wargs
  2 nagas (Lair:3)
  4 swamp worms (Lair:3)
  8 water moccasins
  A human zombie (D:15)
  A hydra simulacrum (IceCv)
  4 acid dragons (D:12)
  33 orc warriors
  A meliai simulacrum (D:14)
  A floating eye (Lair:4)
  An ice beast (D:6)
  2 sky beasts
  6 black bears
  11 ogres
  5 boggarts (Lair:5)
  30 wolves
  10 centaurs
  2 phantoms
  2 kobold brigands
  A vampire mosquito zombie (D:13)
  13 bullfrogs
  Blork the orc (D:5)
  3 necrophages (D:5)
  5 scorpions
  2 cane toad simulacra (IceCv)
  6 wights
  An elephant simulacrum (IceCv)
  3 howler monkeys
  3 electric eels
  4 crimson imps (D:8)
  4 hounds
  A jelly (D:5)
  13 orc priests
  Crazy Yiuf (D:5)
  3 hell rats
  3 iguanas
  21 orc wizards
  10 adders
  13 river rats
  2 shadow imps (D:6)
  A white imp (D:5)
  2 ufetubi
  2 worms (D:1)
  A dart slug (D:2)
  77 orcs
  4 ball pythons
  8 endoplasms
  5 giant cockroaches
  6 goblins
  6 hobgoblins
  2 jackals (D:1)
  22 kobolds
  14 quokkas
  5 bats
  4 frilled lizards
  An orc zombie (D:14)
  9 rats
  A spectral hobgoblin (D:1)
650 creatures vanquished.

Vanquished Creatures (collateral kills)
  A steelbarb worm (shapeshifter) (D:13)
  A cyclops (D:14)
  A komodo dragon (Lair:1)
  A troll (D:13)
4 creatures vanquished.

Vanquished Creatures (others)
  A water elemental (D:14)
  A water moccasin (Lair:1)
  A hog zombie (D:13)
  A vampire mosquito zombie (D:13)
  An electric eel (D:14)
  2 orc zombies
  27 fungi
  44 plants
  8 withered plants (D:15)
86 creatures vanquished.

Grand Total: 740 creatures vanquished

Notes
Turn   | Place    | Note
-------+----------+-------------------------------------------
     0 | D:1      | serber55 the Demonspawn Ice Elementalist began the quest
                  | for the Orb.
     0 | D:1      | Reached XP level 1. HP: 13/13 MP: 3/3
  1075 | D:1      | Gained mutation: You have a small tail. [demonic ancestry]
  1075 | D:1      | Reached XP level 2. HP: 19/20 MP: 0/5
  1452 | D:1      | Found a faded altar of an unknown god.
  1603 | D:1      | Reached skill level 4 in Ice Magic
  1792 | D:1      | Reached skill level 1 in Fighting
  1877 | D:1      | Gained mutation: You are surrounded by a mild repulsion
                  | field. (EV +2) [demonic ancestry]
  1877 | D:1      | Reached XP level 3. HP: 25/26 MP: 6/6
  2486 | D:2      | Learned a level 3 spell: Frozen Ramparts
  3462 | D:2      | Gained mutation: You are surrounded by a moderate repulsion
                  | field. (EV +3) [demonic ancestry]
  3462 | D:2      | Reached XP level 4. HP: 32/32 MP: 7/7
  3575 | D:3      | Found a shimmering blue altar of Sif Muna.
  3781 | D:3      | Learned a level 3 spell: Ozocubu's Armour
  3852 | D:3      | Found a shadowy altar of Dithmenos.
  3974 | D:3      | Found the +7 staff of the Meek {protect, meekguard}
  4086 | D:3      | Noticed a water moccasin
  4092 | D:3      | Killed a water moccasin
  4093 | D:3      | Reached skill level 5 in Ice Magic
  4093 | D:3      | Reached XP level 5. HP: 27/38 MP: 1/9
  4481 | D:4      | Identified the ring of Ipuloabb {Wiz +Blink Str+4 Dex+3}
  4489 | D:4      | You are sucked into a shaft and drop 2 floors!
  4531 | D:6      | Gained mutation: Your demonic aura sometimes causes spilled
                  | blood to erupt in flames. [demonic ancestry]
  4531 | D:6      | Reached XP level 6. HP: 46/46 MP: 6/10
  4551 | D:6      | Noticed a sky beast
  4557 | D:6      | Killed a sky beast
  4577 | D:5      | Entered Level 5 of the Dungeon
  4597 | D:4      | Found a blossoming altar of Fedhas.
  4600 | D:4      | Found an ancient bone altar of Kikubaaqudgha.
  4696 | D:4      | Reached XP level 7. HP: 36/52 MP: 9/12
  4895 | D:4      | Found a glowing drain.
  4906 | Sewer    | Entered a sewer
  5176 | D:5      | Reached skill level 6 in Ice Magic
  5405 | D:5      | Found a staircase to the Ecumenical Temple.
  5414 | Temple   | Entered the Ecumenical Temple
  5847 | D:5      | Reached XP level 8. HP: 60/60 MP: 14/14
  5859 | D:5      | Learned a level 4 spell: Hailstorm
  5868 | D:5      | Noticed Blork the orc
  5890 | D:5      | Killed Blork the orc
  5939 | D:5      | Identified the +3 spear of Zealous True Grit {vorpal, Str+2
                  | SInv}
  6059 | D:5      | Found a runed translucent door.
  6060 | D:5      | Noticed Crazy Yiuf
  6066 | D:5      | Killed Crazy Yiuf
  6145 | D:5      | Reached skill level 1 in Conjurations
  6263 | D:6      | Noticed Sigmund
  6271 | D:6      | Killed Sigmund
  6272 | D:6      | Reached skill level 7 in Ice Magic
  7072 | D:7      | Learned a level 3 spell: Swiftness
  7075 | D:7      | Learned a level 2 spell: Passwall
  7209 | D:7      | Gained mutation: You regenerate a little health from kills.
                  | [demonic ancestry]
  7209 | D:7      | Reached XP level 9. HP: 67/67 MP: 3/16
  7242 | D:7      | Reached skill level 5 in Dodging
  7242 | D:7      | Reached skill level 5 in Spellcasting
  7505 | D:7      | Reached skill level 5 in Fighting
  7608 | D:7      | Found a basalt altar of Yredelemnul.
  7608 | D:7      | Found a sacrificial altar of Ru.
  7617 | D:7      | Found a broken altar of Ashenzari.
  7619 | D:7      | Found a hide-covered altar of Uskayaw.
  7621 | D:7      | Found a hazy altar of Hepliaklqana.
  7811 | D:8      | Reached skill level 8 in Ice Magic
  8060 | Temple   | Became a worshipper of Vehumet
  8201 | D:8      | Found an opulent altar of Gozag.
  8431 | D:8      | Found a shimmering altar of Xom.
  8752 | D:9      | Noticed a komodo dragon
  8752 | D:9      | Noticed a manticore
  8757 | D:9      | Noticed a centaur warrior
  9022 | D:9      | Killed a komodo dragon
  9023 | D:9      | Reached skill level 9 in Ice Magic
  9023 | D:9      | Gained mutation: You are surrounded by a strong repulsion
                  | field. (EV +4, RMsl) [demonic ancestry]
  9023 | D:9      | Reached XP level 10. HP: 76/76 MP: 8/18
  9066 | D:9      | Killed a manticore
  9152 | D:9      | Killed a centaur warrior
  9359 | D:9      | Reached * piety under Vehumet
  9359 | D:9      | Offered knowledge of Shock by Vehumet.
  9654 | D:9      | Reached skill level 5 in Conjurations
 10017 | D:9      | Found Zeri's Antique Weapon Shoppe.
 10213 | D:10     | Entered Level 10 of the Dungeon
 10315 | D:10     | Found a bloodstained altar of Trog.
 10336 | D:10     | Found an ornate altar of the Wu Jian Council.
 10388 | D:10     | Reached skill level 10 in Ice Magic
 10557 | D:10     | Found Roediqol's General Store.
 10560 | D:10     | Bought a potion of heal wounds for 70 gold pieces
 10560 | D:10     | Bought a potion of haste for 140 gold pieces
 10605 | D:10     | Reached XP level 11. HP: 83/83 MP: 16/21
 10806 | D:10     | Found a staircase to the Lair.
 11147 | Lair:1   | Entered Level 1 of the Lair of Beasts
 11161 | Lair:1   | Reached ** piety under Vehumet
 11161 | Lair:1   | Offered knowledge of Sandblast by Vehumet.
 11604 | Lair:1   | Noticed an eight-headed hydra
 11622 | Lair:1   | Killed an eight-headed hydra
 11977 | Lair:1   | Reached skill level 11 in Ice Magic
 12209 | Lair:1   | Identified 2 scrolls of acquirement
 12209 | Lair:1   | Acquired the ring "Hyululo" {rElec rF+ Stlth+}
 12213 | Lair:1   | Acquired the +2 pair of boots "Xoprauda" {rF+ Dex+3}
 12386 | Lair:2   | Learned a level 5 spell: Freezing Cloud
 12452 | Lair:2   | Reached skill level 1 in Air Magic
 12564 | Lair:2   | Offered knowledge of Static Discharge by Vehumet.
 12653 | Lair:2   | Gained mutation: Your magical and physical power is
                  | slightly enhanced at high health. [demonic ancestry]
 12653 | Lair:2   | Reached XP level 12. HP: 90/92 MP: 23/23
 12794 | Lair:2   | Reached *** piety under Vehumet
 12833 | Lair:2   | Acquired 677 gold pieces
 12873 | Lair:2   | You fall into a shaft and drop 1 floor!
 13014 | Lair:2   | Noticed a seven-headed hydra
 13021 | Lair:2   | Killed a seven-headed hydra
 13031 | Lair:2   | Learned a level 5 spell: Lightning Bolt
 13142 | Lair:3   | Acquired 1281 gold pieces
 13228 | Lair:3   | Found a staircase to the Swamp.
 13342 | Lair:3   | Offered knowledge of Sticky Flame by Vehumet.
 13681 | Lair:3   | Noticed Sonja
 13684 | Lair:3   | Killed Sonja
 13712 | Lair:3   | Found a staircase to the Snake Pit.
 14247 | Lair:4   | Noticed a death yak
 14248 | Lair:4   | Noticed a death yak
 14249 | Lair:4   | Noticed a death yak
 14249 | Lair:4   | Noticed a death yak
 14250 | Lair:4   | Noticed a death yak
 14257 | Lair:4   | Killed a death yak
 14257 | Lair:4   | Noticed a death yak
 14258 | Lair:4   | Killed a death yak
 14258 | Lair:4   | Killed a death yak
 14259 | Lair:4   | Reached skill level 12 in Ice Magic
 14264 | Lair:4   | Killed a death yak
 14268 | Lair:4   | Killed a death yak
 14302 | Lair:4   | Killed a death yak
 14378 | Lair:4   | Found a staircase to the Slime Pits.
 14587 | Lair:4   | Reached **** piety under Vehumet
 14602 | Lair:4   | Gained mutation: You have a tail ending in a sharp stinger.
                  | [demonic ancestry]
 14602 | Lair:4   | Reached XP level 13. HP: 101/101 MP: 5/25
 14743 | Lair:4   | Offered knowledge of Ignite Poison by Vehumet.
 14967 | Lair:1   | Gained mutation: You occasionally lose the ability to drink
                  | potions when taking damage. [potion of mutation]
 14967 | Lair:1   | Gained mutation: You have large cloven feet. [potion of
                  | mutation]
 14967 | Lair:1   | Gained mutation: You sometimes lose your temper in combat.
                  | [potion of mutation]
 14968 | Lair:1   | Lost mutation: You sometimes lose your temper in combat.
                  | [potion of mutation]
 14968 | Lair:1   | Lost mutation: You occasionally lose the ability to drink
                  | potions when taking damage. [potion of mutation]
 14968 | Lair:1   | Gained mutation: Your spells are a little easier to cast,
                  | but a little less powerful. [potion of mutation]
 14968 | Lair:1   | Gained mutation: You have an increased reservoir of magic.
                  | (+10% MP) [potion of mutation]
 15394 | Lair:5   | Entered Level 5 of the Lair of Beasts
 15896 | Lair:5   | Reached skill level 13 in Ice Magic
 15914 | Lair:5   | Noticed Rupert
 16026 | Lair:5   | Killed Rupert
 17209 | D:11     | Reached skill level 10 in Fighting
 17297 | D:11     | Found a runed translucent door.
 17299 | D:11     | Found a shimmering altar of Xom.
 17299 | D:11     | Noticed ragingrage's ghost (novice GrAr)
 17330 | D:11     | Killed ragingrage's ghost
 18348 | D:12     | Identified the +6 dagger of Muojar {vorpal, Int+2}
 18452 | D:12     | Reached ***** piety under Vehumet
 18601 | D:12     | Found a staircase to the Orcish Mines.
 18633 | D:12     | Offered knowledge of Fulminant Prism by Vehumet.
 18641 | D:12     | Gained mutation: You have a sharp stinger which inflicts
                  | weakening toxins. [demonic ancestry]
 18641 | D:12     | Reached XP level 14. HP: 110/110 MP: 19/30
 18943 | D:12     | Acquired the amulet "Teuw" {Reflect rF+ Int+2 SH+5}
 19056 | D:12     | Learned a level 2 spell: Blink
 19149 | Orc:1    | Entered Level 1 of the Orcish Mines
 19169 | Orc:1    | Found Paowov's Antique Weapon Shop.
 19174 | Orc:1    | Noticed an orc warlord
 19188 | Orc:1    | Killed an orc warlord
 19390 | Orc:1    | Reached skill level 10 in Dodging
 19435 | Orc:1    | Found a frozen archway.
 19503 | IceCv    | Entered an ice cave
 19575 | IceCv    | Reached skill level 10 in Spellcasting
 21184 | IceCv    | Got the Vellum of the Iceberg
 21913 | Orc:2    | Entered Level 2 of the Orcish Mines
 21922 | Orc:2    | Reached skill level 14 in Ice Magic
 22488 | Orc:2    | Noticed Jorgrun
 22495 | Orc:2    | Killed Jorgrun
 22889 | Orc:2    | Found a staircase to the Elven Halls.
 23095 | Orc:2    | Offered knowledge of Iron Shot by Vehumet.
 23427 | Orc:2    | Noticed an orc warlord
 23442 | Orc:2    | Killed an orc warlord
 23754 | Orc:2    | Found Usimn's Antique Armour Emporium.
 23758 | Orc:2    | Found Noogi's Antique Weapon Shoppe.
 23803 | Orc:2    | Bought the +9 sword of Zonguldrok {reap} for 2080 gold
                  | pieces
 23803 | Orc:2    | Found the +9 sword of Zonguldrok {reap}
 23846 | Orc:2    | Found Ciskeang's Assorted Antiques.
 23854 | Orc:2    | Bought a scroll labelled HIQAOKHAOGYRR for 28 gold pieces
 23929 | Orc:2    | Reached skill level 5 in Air Magic
 23993 | Orc:2    | Found Niuzier's Antique Weapon Shoppe.
 24282 | D:13     | Lost mutation: You have an increased reservoir of magic.
                  | (+10% MP) [potion of mutation]
 24282 | D:13     | Lost mutation: You have large cloven feet. [potion of
                  | mutation]
 24282 | D:13     | Lost mutation: Your spells are a little easier to cast, but
                  | a little less powerful. [potion of mutation]
 24282 | D:13     | Gained mutation: You are somewhat resistant to further
                  | mutation. [potion of mutation]
 24369 | D:13     | Reached skill level 1 in Shields
 24435 | D:13     | Offered knowledge of Conjure Ball Lightning by Vehumet.
 25473 | D:13     | Found a gate to the Vaults.
 25538 | D:14     | Gained mutation: Your demonic aura often causes spilled
                  | blood to erupt in flames. [demonic ancestry]
 25538 | D:14     | Reached XP level 15. HP: 60/118 MP: 27/29
 26384 | D:14     | Identified the +7 war axe of Wytrex {vorpal, Str+3}
 27238 | D:15     | Entered Level 15 of the Dungeon
 27806 | D:15     | Reached skill level 5 in Shields
 28678 | D:14     | Slain by a skeletal warrior

Illustrated notes

Levels and vault maps discovered:
D:1:      wander_arrival_abandoned_jail, layout_basic,
          dreamdust_ecumenical_altar_drowned_temple, nicolae_wormholes
D:2:      kennysheep_six_static_rooms, layout_basic
D:3:      layout_basic, nicolae_sif_muna_condensation,
          grunt_dithmenos_smoke_and_mirrors, pf_guarded_unrand_meek
D:4:      layout_rooms, grunt_temple_overflow_growth_and_decay,
          gup_sewer_entry_pipe, kennysheep_potato
D:5:      layout_cave_pools, lemuel_temple_firewalk_b, minivault_23,
          kennysheep_generic_room_15, uniq_crazy_yiuf_cottage,
          uniq_blork_the_orc
D:6:      layout_loops_ring, uniq_sigmund
D:7:      layout_basic, chequers_temple_overflow_minitemple
D:8:      layout_cave_pools, pdpol_temple_overflow_zin_treasury_gozag_greed,
          led_xom_imps
D:9:      layout_cave_pods, serial_shops,
          nicolae_shop_temple_entry_statues_fountains, lightli_fourway_metalbox
D:10:     layout_loops_cross, mainiacjoe_overflow_catwalk_spiral,
          minmay_lair_entry_grove, serial_shops, shop
D:11:     layout_long_grid, ebering_ghost_xom
D:12:     layout_irregular_city, orc_0_dummy
D:13:     layout_long_grid, david_vaults_5
D:14:     layout_stronghold, nrook_pool_corridor
D:15:     gammafunk_depths_entry_grave, layout_cross, minmay_misc_feat_rugged,
          kennysheep_okawaru_gauntlet
Temple:   nicolae_temple_two_arcs
Lair:1:   layout_loops_ring, nicolae_lair_grazing_beasts
          [nicolae_sub_lair_graze_edge, nicolae_sub_lair_graze_edge,
          nicolae_sub_lair_graze_edge, nicolae_sub_lair_graze_edge],
          infiniplex_staircase_pool, serial_bayou_shore_a
Lair:2:   nzn_winding_woodlands_three_and_one
          [nzn_winding_woodlands_5x15_default,
          nzn_winding_woodlands_5x15_default, nzn_winding_woodlands_5x15_cabin,
          nzn_winding_woodlands_center_lodge], layout_hall_layers,
          kennysheep_rathole
Lair:3:   layout_long_grid, nicolae_swamp_entry_splash_gauntlet,
          guppyfry_snake_entry_island, beast_lair_carwin_10, uniq_sonja
Lair:4:   layout_roguey, minmay_slime_entry_eyes, forest_entry_grove,
          lemuel_fruit_fields
Lair:5:   minmay_lair_end_enchanted_forest, layout_regular_city,
          grunt_megastairs_3, infiniplex_staircase_pool_2, lemuel_fruit_fields,
          uniq_rupert
Orc:1:    layout_caves, serial_shops, nicolae_shop_advertising_works
          [nicolae_subvault_shop_adworks], portal_ice_cave_entry_pillars_1
Orc:2:    grunt_orc_community_town_hall, layout_caves,
          grunt_orc_community_big_house_2, grunt_orc_community_big_house_1,
          grunt_orc_community_house_3, grunt_orc_community_house_2,
          grunt_orc_community_house_3, grunt_orc_community_house_3,
          grunt_orc_community_house_3, grunt_orc_community_house_3, uniq_jorgrun

Skill      XL: |  1  2  3  4  5  6  7  8  9 10 11 12 13 14 15 |
---------------+----------------------------------------------+-----
Dodging        | 2 3 4 5 6 7 8 9 10 | 10.5
Ice Magic      | 4 5 6 7 9 10 11 12 13 14 | 14.7
Fighting       | 1 2 3 4 5 6 8 9 10 11 | 11.1
Spellcasting   | 3 4 5 6 7 8 9 10 11 | 11.2
Conjurations   | 2 4 5 6 7 9 |  9.1
Air Magic      | 2 3 5 6 |  6.4
Shields        | 3 5 |  5.3
Stealth        | |  1.7

Action                   |  1- 3 |  4- 6 |  7- 9 | 10-12 | 13-15 || total
-------------------------+-------+-------+-------+-------+-------++-------
Melee: Spear             |    14 |       |       |       |       ||    14
       Short sword       |    97 |    21 |       |       |       ||   118
       Unarmed           |     1 |       |       |       |       ||     1
       Tailslap          |    10 |     2 |    16 |    18 |    65 ||   111
       Quarterstaff      |       |    18 |   143 |   153 |   194 ||   508
       Double sword      |       |       |       |       |   135 ||   135
       War axe           |       |       |       |       |    14 ||    14
Throw: Stone             |     3 |       |       |       |       ||     3
       Dart              |       |       |     6 |    10 |     3 ||    19
 Cast: Freeze            |    13 |     8 |     1 |    13 |     1 ||    36
       Frozen Ramparts   |     1 |    10 |    37 |    44 |    27 ||   119
       Ozocubu's Armour  |       |     6 |    26 |    42 |    32 ||   106
       Hailstorm         |       |       |    20 |    64 |    26 ||   110
       Passwall          |       |       |     2 |       |     4 ||     6
       Freezing Cloud    |       |       |       |    15 |   245 ||   260
       Lightning Bolt    |       |       |       |     2 |   106 ||   108
       Swiftness         |       |       |       |       |     4 ||     4
       Blink             |       |       |       |       |     1 ||     1
 Abil: Evoke Blink       |       |       |       |       |     1 ||     1
Evoke: Wand              |       |     5 |     8 |     6 |     2 ||    21
       Phial of floods   |       |       |       |       |     1 ||     1
  Use: Scroll            |       |    10 |    13 |     9 |     4 ||    36
       Potion            |       |       |     2 |       |     6 ||     8
 Stab: Sleeping          |     6 |     3 |     4 |     4 |     2 ||    19
Armor: Robe              |     7 |    11 |    41 |    84 |   110 ||   253
Dodge: Dodged            |    67 |    37 |   112 |   239 |   379 ||   834
       Repelled          |       |       |       |     1 |     4 ||     5
Block: Buckler           |       |       |       |       |    82 ||    82
       Other             |       |       |       |       |    24 ||    24
       Reflection        |       |       |       |       |     7 ||     7

Table legend: (Time is in decaauts)
 A = Elapsed time spent in this place.
 B = Non-inter-level travel time spent in this place.
 C = Inter-level travel time spent in this place.
 D = Time resting spent in this place.
 E = Time spent auto-exploring this place.
 F = Levels seen in this place.
 G = Mean time per level.
                   A        B        C        D        E       F      G
               +--------+--------+--------+--------+--------+-----+--------+
         Total |  28948 |  27629 |   1319 |   8006 |  14566 |  25 | 1157.9 |
       Dungeon |  17790 |  16964 |    826 |   4389 |   9675 |  15 | 1186.0 |
        Temple |     41 |     25 |     16 |      0 |      0 |   1 |   41.0 |
          Lair |   5899 |   5495 |    404 |    809 |   3596 |   5 | 1179.8 |
  Orcish Mines |   3404 |   3332 |     72 |   1423 |   1295 |   2 | 1702.0 |
         Sewer |     75 |     75 |      0 |      0 |      0 |   1 |   75.0 |
      Ice Cave |   1736 |   1736 |      0 |   1385 |      0 |   1 | 1736.0 |
               +--------+--------+--------+--------+--------+-----+--------+

Top non-repeatable levels by time:
    D:14: 2481 daAuts
   Orc:2: 2335 daAuts
     D:1: 1919 daAuts
   IceCv: 1736 daAuts
     D:2: 1578 daAuts
    D:13: 1473 daAuts
  Lair:5: 1436 daAuts
    D:11: 1350 daAuts
     D:9: 1309 daAuts
  Lair:1: 1303 daAuts
  Lair:4: 1227 daAuts
     D:5: 1117 daAuts
  Lair:3: 1085 daAuts
   Orc:1: 1068 daAuts
     D:8: 1028 daAuts
